cohdb
Replays
Latest Replays
All Replays
Popular Replays
Top Player Replays
Match Explorer
How It Works
Community
CoH3 Stats
Reddit
Sign in to upload your games and track your stats! →
Sign in with Steam
Match 42978116
Unlisted
Match 42978116
Overview
Messages
Build Orders
End
Royal Engineer Section
Construct Section Command Post
Selects Air and Sea Battlegroup
Infantry Section
Infantry Section
Grenade Package
Infantry Section
Construct Platoon Command Post
Selects Supply Surplus
Selects UNKNOWN (223837)
Construct Resource Cache
CMP 15cwt Truck
Humber Armored Car
Forward Retreat Point
Humber Armored Car
Construct Company Command Post
Skibana
Tok3n x Operator
Rafikikenwite1
Theblack1718
0
0
Comments
sign in to comment!
No comments posted yet!